 Dungeon Crawl Stone Soup version 0.29-a0-91-gdebf4667c2 (webtiles) character file.

Game seed: 1460755035487000531

40 TheGamechu the Skirmisher (level 3, -3/33 HPs)
             Began as a Minotaur Berserker on Feb 9, 2022.
             Was a Follower of Trog.
             Slain by a gnoll (4 damage)
             ... on level 2 of the Dungeon.
             The game lasted 00:03:43 (1544 turns).

TheGamechu the Skirmisher (Minotaur Berserker)      Turns: 1544, Time: 00:03:49

Health: -3/33      AC:  5    Str: 21    XL:     3   Next: 30%
Magic:  2/2        EV:  8    Int:  4    God:    Trog [*.....]
Gold:   29         SH:  0    Dex: 11    Spells: 2/2 levels left

rFire   . . .      SeeInvis +   a - +0 hand axe
rCold   . . .      Faith    .   (no shield)
rNeg    . . .      Spirit   .   f - +0 ring mail
rPois   .          Reflect  .   (helmet restricted)
rElec   .          Harm     .   (no cloak)
rCorr   .          Rampage  .   (no gloves)
Will    .....                   (no boots)
Stlth   +.........              (no amulet)
HPRegen 0.11/turn               g - ring of see invisible
MPRegen 0.08/turn               (no ring)

@: on berserk cooldown, constricted
A: horns 2, retaliatory headbutt
a: Renounce Religion, Berserk


You were on level 2 of the Dungeon.
You worshipped Trog.
Trog was aware of your devotion.
You visited 1 branch of the dungeon, and saw 2 of its levels.

You collected 29 gold pieces.

Inventory:

Hand Weapons
 a - a +0 hand axe (weapon)
Missiles
 c - 25 stones (quivered)
Armour
 f - a +0 ring mail (worn)
Jewellery
 g - a ring of see invisible (left hand)
Potions
 b - a potion of cancellation
 d - a potion of heal wounds {unknown}
 e - a potion of mutation {unknown}


   Skills:
 + Level 4.1 Fighting
 + Level 4.1 Axes
 + Level 3.1 Armour
 + Level 2.8 Dodging


You had 2 spell levels left.
You didn't know any spells.
Your spell library was empty.

Dungeon Overview and Level Annotations

Branches:
Dungeon (2/15)

Altars:

Shops:
D:1 [


Innate Abilities, Weirdness & Mutations

You have a pair of horns on your head.
You reflexively headbutt those who attack you in melee.


Message History

The ball python bites you but does no damage.
The ball python barely misses you.
The ball python bites you but does no damage.
The ball python closely misses you. The ball python barely misses you.
The ball python grabs you. The ball python constricts you.
You escape the ball python's grasp.
The ball python bites you but does no damage.
The ball python barely misses you. The ball python closely misses you.
You furiously retaliate!
You headbutt the ball python. The ball python grabs you.
The ball python constricts you.
You escape the ball python's grasp.
The ball python bites you. The ball python grabs you.
The ball python constricts you.
You escape the ball python's grasp.
The ball python bites you but does no damage.
The ball python completely misses you. The ball python barely misses you.
The ball python misses you. The ball python bites you.
The ball python closely misses you. The gnoll misses you.
The ball python bites you but does no damage.
The ball python grabs you. The ball python constricts you.
The ball python bites you.
* * * LOW HITPOINT WARNING * * *
The ball python constricts you.
* * * LOW HITPOINT WARNING * * *
The gnoll hits you from afar with a +0 spear!
* * * LOW HITPOINT WARNING * * *
The ball python barely misses you. The ball python constricts you.
The gnoll barely misses you.
You don't know any spells.
It was a potion of cancellation.
Your magical effects are unravelling.
You feel magically purged.
You feel yourself speed up.
The ball python bites you but does no damage.
The ball python constricts you.
The gnoll hits you from afar with a +0 spear.
You die...

.... ..... #.# #.# #.....
..)......#. #.# #.###
#.#### ......#..... #.#
#...# #.# # .#...##... .#
#.# ###.###.#### #...
###.g.# #.# #.........
##. S. # #.#
#####..##.#### #g#
#.........# #S#
#.###..#### #@###.###..#
#......##..####### ###
###.....#.........
#.#######.....##.######.
#.............##<# ##
#########.....##.# #.
##########.....##.######.
#..........#.####........
##########.#.# ########.


You could see a gnoll and a ball python.

Vanquished Creatures
  2 gnolls (D:2)
  2 dart slugs (D:1)
  3 bats (D:1)
  2 goblins
  A quokka (D:1)
  4 ball pythons (D:1)
  2 frilled lizards (D:1)
  2 kobolds
  2 rats
20 creatures vanquished.

Notes
Turn   | Place    | Note
-------+----------+-------------------------------------------
     0 | D:1      | TheGamechu the Minotaur Berserker began the quest for the
                  | Orb.
     0 | D:1      | Reached XP level 1. HP: 19/19 MP: 0/0
   177 | D:1      | Found a faded altar of an unknown god.
   348 | D:1      | Reached XP level 2. HP: 21/27 MP: 1/1
   752 | D:1      | Found Raurr's Armour Boutique.
  1518 | D:2      | Reached XP level 3. HP: 23/33 MP: 2/2
  1543 | D:2      | HP: 1/33 [gnoll (7)]
  1544 | D:2      | Slain by a gnoll

Illustrated notes

Levels and vault maps discovered:
D:1:      dpeg_arrival_circle_labyrinth_c, layout_loops_ring, serial_shops,
          nicolae_shop_advertising_works [nicolae_subvault_shop_adworks],
          hellmonk_ecumenical_altar_pennies_from_heaven
D:2:      layout_loops_ring, hangedman_decor_push, roderic_roman_lattice,
          minivault_4, skrybe_limestone_x, minmay_tree_intersection

Skill      XL: |  1  2 |
---------------+-------+-----
Fighting       | 4 |  4.1
Axes           | 4 |  4.1
Armour         | 3 |  3.1
Dodging        | |  2.8

Action                   || total
-------------------------++-------
Melee: Hand axe          ||    39
       Headbutt          ||     2
Throw: Stone             ||     2
Invok: Berserk           ||     1
  Use: Scroll            ||     1
       Potion            ||     1
Armor: Leather armour    ||    10
       Ring mail         ||     9
Dodge: Dodged            ||    42

Table legend: (Time is in decaauts)
 A = Elapsed time spent in this place.
 B = Non-inter-level travel time spent in this place.
 C = Inter-level travel time spent in this place.
 D = Time resting spent in this place.
 E = Time spent auto-exploring this place.
 F = Levels seen in this place.
 G = Mean time per level.
                   A        B        C        D        E       F      G
               +--------+--------+--------+--------+--------+-----+--------+
         Total |   1555 |   1460 |     95 |      2 |   1270 |   2 |  777.5 |
       Dungeon |   1555 |   1460 |     95 |      2 |   1270 |   2 |  777.5 |
               +--------+--------+--------+--------+--------+-----+--------+

Top non-repeatable levels by time:
     D:1: 1183 daAuts
     D:2: 371 daAuts
